 Dungeon Crawl Stone Soup version 0.29.1-2-gbd0b4ee654 (webtiles) character file.

Game seed: 15378508890771658618

5 croobank the Caller (level 1, 0/13 HPs)
             Began as a Demonspawn Summoner on Nov 8, 2022.
             Slain by a hobgoblin (5 damage)
             ... on level 1 of the Dungeon.
             The game lasted 00:00:38 (279 turns).

croobank the Caller (Demonspawn Summoner)            Turns: 279, Time: 00:00:39

Health: 0/13       AC:  2    Str:  8    XL:     1   Next: 66%
Magic:  2/3        EV: 12    Int: 16    God:
Gold:   0          SH:  0    Dex: 13    Spells: 3/4 levels left

rFire   . . .      SeeInvis .   d - +0 hand axe
rCold   . . .      Faith    .   (no shield)
rNeg    . . .      Spirit   .   a - +0 robe
rPois   .          Reflect  .   (no helmet)
rElec   .          Harm     .   (no cloak)
rCorr   .          Rampage  .   (no gloves)
Will    .....                   (no boots)
Stlth   ++........              (no amulet)
HPRegen 0.04/turn               (no ring)
MPRegen 0.08/turn               (no ring)

@: no status effects
A: no striking features
a: no special abilities


You were on level 1 of the Dungeon.
You visited 1 branch of the dungeon, and saw 1 of its levels.

Inventory:

Hand Weapons
 d - a +0 hand axe (weapon)
Armour
 a - a +0 robe (worn)
Potions
 b - a potion of magic
 c - a potion of curing {unknown}


   Skills:
 + Level 1.9 Dodging
 + Level 1.9 Stealth
 + Level 2.1 Spellcasting
 + Level 4.0 Summonings


You had 3 spell levels left.
You knew the following spells:

 Your Spells              Type           Power      Damage    Failure   Level
a - Summon Small Mammal   Summ           56%        N/A       3%          1

Your spell library contained the following spells:

 Spells                   Type           Power      Damage    Failure   Level
 Call Imp                 Summ           14%        N/A       6%          2
 Call Canine Familiar     Summ           14%        N/A       12%         3
 Summon Guardian Golem    Hex/Summ       8%         N/A       26%         3
 Summon Lightning Spire   Summ/Air       8%         N/A       65%         4


Dungeon Overview and Level Annotations

Branches:
Dungeon (1/15)

Altars:


Message History

You hit the plant.
The plant begins to die.
No target in view!
No target in view!
No target in view!
No target in view!
There's nothing to open nearby.
A nearby plant withers and dies.
Your rat disappears in a puff of smoke!
You swap places.
Found 3 large rocks.
A hobgoblin comes into view.
The hobgoblin shouts!
You see here 3 large rocks.
A hobgoblin is nearby!
A quokka comes into view.
The hobgoblin closely misses your bat.
You swap places.
Your bat barely misses the hobgoblin.
The hobgoblin hits you.
You barely miss the hobgoblin. You barely miss the quokka.
Your bat hits the hobgoblin but does no damage.
The hobgoblin closely misses you. The quokka closely misses you.
Your bat hits the quokka. You hit the quokka.
You kill the quokka!
You hit the hobgoblin but do no damage.
Your bat closely misses the hobgoblin.
The hobgoblin hits you. The hobgoblin closely misses you.
You barely miss the hobgoblin.
Your bat hits the hobgoblin but does no damage. x2
You hit the hobgoblin.
The hobgoblin is almost dead.
Your bat closely misses the hobgoblin.
The hobgoblin hits you.
Your bat hits the hobgoblin but does no damage.
You are too injured to fight recklessly!
You are too injured to fight recklessly!
You are too injured to fight recklessly!
You are too injured to fight recklessly!
Casting: Summon Small Mammal (safe; 3% risk of failure)
Confirm with . or Enter, or press ? or * to list all spells.
Your bat hits the hobgoblin but does no damage. x2
The hobgoblin hits you.
You die...

#+ #. # #.
#.####.########
.....b.gb......
#...@.# ##....#
##♣♣♣♣♣♣♣♣#
##.#.#####~♣P~~♣~~P♣
#.#.(...♣~~~~P~~~~♣
#.###.#...P.~~~~P~~
#. #.............~
#. ##.............
#. ♣~♣~~.~~.....~~
#. ~~~~P~~~~~~~.~~.


You could see a hobgoblin (ally target) and 2 friendly bats.

Vanquished Creatures
  A quokka (D:1)
  A bat (D:1)
2 creatures vanquished.

Vanquished Creatures (collateral kills)
  A hobgoblin (D:1)
  A ball python (D:1)
  A frilled lizard (D:1)
  A rat (D:1)
4 creatures vanquished.

Vanquished Creatures (others)
  2 plants (D:1)
2 creatures vanquished.

Grand Total: 8 creatures vanquished

Notes
Turn   | Place    | Note
-------+----------+-------------------------------------------
     0 | D:1      | croobank the Demonspawn Summoner began the quest for the
                  | Orb.
     0 | D:1      | Reached XP level 1. HP: 13/13 MP: 3/3
   279 | D:1      | Slain by a hobgoblin

Illustrated notes

Levels and vault maps discovered:
D:1:      lightli_arrival_farm, layout_loops_corners,
          hangedman_decor_clover_reticule, minmay_hedge_maze,
          serial_bayou_ford_a

Action                   || total
-------------------------++-------
Melee: Hand axe          ||     9
 Cast: Summon Small Mamm ||     7
Armor: Robe              ||     4
Dodge: Dodged            ||     6
